% Time on Ice - SASKATOON DUCKS
Lines # - Real PCT - Wanted PCT - Time Play
Normal Forward
1 - 35% - 40% - 19:59
2 - 37% - 40% - 21:00
3 - 13% - 10% - 7:12
4 - 14% - 10% - 8:08
Normal Defense
1 - 43% - 50% - 24:23
2 - 30% - 30% - 16:42
3 - 26% - 20% - 14:34
4 - 1% - 0% - 0:40
PP Forward
1 - 51% - 55% - 3:22
2 - 49% - 45% - 3:14
PP Defense
1 - 53% - 55% - 3:28
2 - 47% - 45% - 3:08
PK Forward
1 - 65% - 55% - 1:17
2 - 35% - 45% - 0:42
PK Defense
1 - 54% - 55% - 1:04
2 - 46% - 45% - 0:55
PK3 Forward
1 - 0% - 55%
2 - 0% - 45%
PK3 Defense
1 - 0% - 55%
2 - 0% - 45%
44 Forward
1 - 76% - 55% - 1:31
2 - 24% - 45% - 0:28
44 Defense
1 - 76% - 55% - 1:31
2 - 24% - 45% - 0:28
Last Minute Offensive  - 0:00
Last Minute Defensive  - 0:00
Total
Forward - 66:53
Defense - 66:53
% Time on Ice - NORTH DAKOTA HAWKS
Lines # - Real PCT - Wanted PCT - Time Play
Normal Forward
1 - 36% - 36% - 20:22
2 - 28% - 27% - 15:31
3 - 28% - 27% - 16:03
4 - 8% - 10% - 4:23
Normal Defense
1 - 41% - 42% - 23:10
2 - 33% - 30% - 18:50
3 - 14% - 15% - 7:44
4 - 12% - 13% - 6:35
PP Forward
1 - 61% - 65% - 1:13
2 - 39% - 35% - 0:46
PP Defense
1 - 61% - 65% - 1:13
2 - 39% - 35% - 0:46
PK Forward
1 - 83% - 65% - 5:29
2 - 17% - 35% - 1:07
PK Defense
1 - 61% - 65% - 4:00
2 - 39% - 35% - 2:36
PK3 Forward
1 - 0% - 65%
2 - 0% - 35%
PK3 Defense
1 - 0% - 65%
2 - 0% - 35%
44 Forward
1 - 39% - 55% - 0:46
2 - 61% - 45% - 1:13
44 Defense
1 - 31% - 55% - 0:37
2 - 69% - 45% - 1:22
Last Minute Offensive  - 0:00
Last Minute Defensive  - 0:00
Total
Forward - 66:53
Defense - 66:53
Play-by-Play 1st period 0:01 of 1st period - Sidney Crosby wins face-off versus Nazem Kadri in neutral zone. 0:13 of 1st period - Patrick Kane is hit by Sidney Crosby and loses puck. 0:28 of 1st period - Shot by Patrick Kane. 0:28 of 1st period - Shot Blocked by Roman Josi. 0:30 of 1st period - Shot by Jason Robertson. 0:30 of 1st period - Shot Blocked by Ryan McDonagh. 0:32 of 1st period - Shot by Nazem Kadri. 0:32 of 1st period - Stopped by Tristan Jarry with a rebound. 0:34 of 1st period - Shot by Nazem Kadri. 0:34 of 1st period - Stopped by Tristan Jarry without a rebound. 0:35 of 1st period - Claude Giroux wins face-off versus Nick Suzuki in SASKATOON DUCKS zone. 0:37 of 1st period - Icing by Bryan Rust. 0:38 of 1st period - Claude Giroux wins face-off versus Jack Hughes in SASKATOON DUCKS zone. 0:51 of 1st period - Shot by Artemi Panarin. 0:51 of 1st period - Stopped by Linus Ullmark without a rebound. 0:52 of 1st period - Ryan Strome wins face-off versus Nick Suzuki in NORTH DAKOTA HAWKS zone. 0:55 of 1st period - Shot by Jonathan Drouin. 0:55 of 1st period - Shot Misses the Net. 1:06 of 1st period - Shot by Samuel Girard. 1:06 of 1st period - Shot Misses the Net. 1:08 of 1st period - Shot by Samuel Girard. 1:08 of 1st period - Stopped by Linus Ullmark without a rebound. 1:09 of 1st period - Claude Giroux wins face-off versus Dillon Dube in NORTH DAKOTA HAWKS zone. 1:12 of 1st period - Shot by Artemi Panarin. 1:12 of 1st period - Stopped by Linus Ullmark without a rebound. 1:13 of 1st period - Claude Giroux wins face-off versus Jack Hughes in NORTH DAKOTA HAWKS zone. 1:47 of 1st period - Shot by Bryan Rust. 1:47 of 1st period - Shot Misses the Net. 2:29 of 1st period - Jake Guentzel is hit by Cale Makar and loses puck. 2:32 of 1st period - Shot by Anthony Duclair. 2:32 of 1st period - Stopped by Linus Ullmark without a rebound. 2:32 of 1st period - Minor Penalty to Cale Makar for Tripping. 2:33 of 1st period - Nick Suzuki wins face-off versus Sidney Crosby in NORTH DAKOTA HAWKS zone. 2:39 of 1st period - Icing by Sidney Crosby. 2:40 of 1st period - Sidney Crosby wins face-off versus Nick Suzuki in SASKATOON DUCKS zone. 2:46 of 1st period - Off-side. 2:47 of 1st period - Sidney Crosby wins face-off versus Nick Suzuki in neutral zone. 3:14 of 1st period - Shot by Jake Guentzel. 3:14 of 1st period - Shot Misses the Net. 3:44 of 1st period - Shot by Artemi Panarin. 3:44 of 1st period - Stopped by Linus Ullmark without a rebound. 3:45 of 1st period - Claude Giroux wins face-off versus Nick Suzuki in NORTH DAKOTA HAWKS zone. 4:35 of 1st period - Shot by Pierre-Edouard Bellemare. 4:35 of 1st period - Stopped by Linus Ullmark without a rebound. 4:36 of 1st period - Nazem Kadri wins face-off versus Sidney Crosby in NORTH DAKOTA HAWKS zone. 4:40 of 1st period - Off-side. 4:41 of 1st period - Sidney Crosby wins face-off versus Nazem Kadri in neutral zone. 4:43 of 1st period - Off-side. 4:44 of 1st period - Nazem Kadri wins face-off versus Sidney Crosby in neutral zone. 5:02 of 1st period - Shot by Jake Guentzel. 5:02 of 1st period - Stopped by Linus Ullmark without a rebound. 5:03 of 1st period - Nick Suzuki wins face-off versus Claude Giroux in NORTH DAKOTA HAWKS zone. 5:33 of 1st period - Icing by Nick Suzuki. 5:34 of 1st period - Nick Suzuki wins face-off versus Sidney Crosby in NORTH DAKOTA HAWKS zone. 5:55 of 1st period - Shot by Nick Suzuki. 5:55 of 1st period - Stopped by Tristan Jarry without a rebound. 5:56 of 1st period - Pierre-Edouard Bellemare wins face-off versus Nazem Kadri in SASKATOON DUCKS zone. 6:12 of 1st period - Shot by Nazem Kadri. 6:12 of 1st period - Shot Blocked by Kevin Shattenkirk. 6:38 of 1st period - Shot by Patrick Kane. 6:38 of 1st period - Stopped by Tristan Jarry without a rebound. 6:39 of 1st period - Sidney Crosby wins face-off versus Jack Hughes in SASKATOON DUCKS zone. 6:46 of 1st period - Shot by Jake Guentzel. 6:46 of 1st period - Shot Misses the Net. 7:14 of 1st period - Shot by Roman Josi. 7:14 of 1st period - Shot Misses the Net. 7:16 of 1st period - Shot by Sidney Crosby. 7:16 of 1st period - Shot Misses the Net. 7:25 of 1st period - Shot by Anthony Duclair. 7:25 of 1st period - Deflect By Jake Guentzel. 7:25 of 1st period - Stopped by Linus Ullmark without a rebound. 7:26 of 1st period - Claude Giroux wins face-off versus Nazem Kadri in NORTH DAKOTA HAWKS zone. 7:27 of 1st period - Shot by Bryan Rust. 7:27 of 1st period - Stopped by Linus Ullmark without a rebound. 7:28 of 1st period - Claude Giroux wins face-off versus Nazem Kadri in NORTH DAKOTA HAWKS zone. 7:28 of 1st period - Bryan Rust is hit by Ryan Lindgren and loses puck. 7:53 of 1st period - Shot by Jason Robertson. 7:53 of 1st period - Stopped by Tristan Jarry without a rebound. 7:54 of 1st period - Jonathan Drouin wins face-off versus Nic Dowd in SASKATOON DUCKS zone. 8:01 of 1st period - Dillon Dube is hit by Ivan Barbashev and loses puck. 9:09 of 1st period - Off-side. 9:10 of 1st period - Nick Suzuki wins face-off versus Claude Giroux in neutral zone. 9:20 of 1st period - Off-side. 9:21 of 1st period - Nazem Kadri wins face-off versus Sidney Crosby in neutral zone. 9:34 of 1st period - Shot by Jason Robertson. 9:34 of 1st period - Stopped by Tristan Jarry without a rebound. 9:35 of 1st period - Nick Suzuki wins face-off versus Claude Giroux in SASKATOON DUCKS zone. 9:53 of 1st period - Shot by Reyley Smith. 9:53 of 1st period - Stopped by Tristan Jarry with a rebound. 10:01 of 1st period - Shot by Bryan Rust. 10:01 of 1st period - Stopped by Linus Ullmark without a rebound. 10:02 of 1st period - Sidney Crosby wins face-off versus Nazem Kadri in NORTH DAKOTA HAWKS zone. 10:05 of 1st period - Shot by Anthony Duclair. 10:05 of 1st period - Stopped by Linus Ullmark without a rebound. 10:06 of 1st period - Sidney Crosby wins face-off versus Nazem Kadri in NORTH DAKOTA HAWKS zone. 10:12 of 1st period - Shot by Anthony Duclair. 10:12 of 1st period - Shot Misses the Net. 11:48 of 1st period - Shot by Artemi Panarin. 11:48 of 1st period - Shot Blocked by Colton Parayko. 11:50 of 1st period - Shot by Ryan McDonagh. 11:50 of 1st period - Stopped by Linus Ullmark with a rebound. 11:52 of 1st period - Shot by Bryan Rust. 11:52 of 1st period - Shot Misses the Net. 12:52 of 1st period - Icing by Erik Johnson. 12:53 of 1st period - Ryan Strome wins face-off versus Nick Suzuki in NORTH DAKOTA HAWKS zone. 13:00 of 1st period - Shot by Ivan Barbashev. 13:00 of 1st period - Shot Misses the Net. 15:24 of 1st period - Off-side. 15:25 of 1st period - Pierre-Edouard Bellemare wins face-off versus Jack Hughes in neutral zone. 15:27 of 1st period - Mathieu Joseph is hit by Colton Parayko and loses puck. 16:22 of 1st period - Shot by Reyley Smith. 16:22 of 1st period - Shot Misses the Net. 16:30 of 1st period - Shot by Reyley Smith. 16:30 of 1st period - Shot Blocked by Ian Cole. 16:40 of 1st period - Shot by Nick Suzuki. 16:40 of 1st period - Deflect By Reyley Smith. 16:40 of 1st period - Stopped by Tristan Jarry without a rebound. 16:41 of 1st period - Sidney Crosby wins face-off versus Nic Dowd in SASKATOON DUCKS zone. 16:41 of 1st period - Sidney Crosby is hit by Nic Dowd. 16:53 of 1st period - Shot by Jake Guentzel. 16:53 of 1st period - Stopped by Linus Ullmark without a rebound. 16:54 of 1st period - Ryan Strome wins face-off versus Nick Suzuki in NORTH DAKOTA HAWKS zone. 17:18 of 1st period - Icing by Ryan Lindgren. 17:19 of 1st period - Nick Suzuki wins face-off versus Sidney Crosby in NORTH DAKOTA HAWKS zone. 17:32 of 1st period - Shot by Nick Suzuki. 17:32 of 1st period - Deflect By Jake DeBrusk. 17:32 of 1st period - Shot Misses the Net. 17:34 of 1st period - Shot by Reyley Smith. 17:34 of 1st period - Shot Misses the Net. 17:36 of 1st period - Shot by Nick Suzuki. 17:36 of 1st period - Deflect By Jake DeBrusk. 17:36 of 1st period - Stopped by Tristan Jarry without a rebound. 17:37 of 1st period - Nazem Kadri wins face-off versus Claude Giroux in SASKATOON DUCKS zone. 17:44 of 1st period - Shot by Patrick Kane. 17:44 of 1st period - Shot Blocked by Ryan McDonagh. 17:59 of 1st period - Off-side. 18:00 of 1st period - Anthony Duclair wins face-off versus Jack Hughes in neutral zone. 18:02 of 1st period - Jake Guentzel is hit by Colton Parayko and loses puck. 18:14 of 1st period - Jake Guentzel is hit by Colton Parayko and loses puck. 18:35 of 1st period - Shot by Jake Guentzel. 18:35 of 1st period - Deflect By Anthony Duclair. 18:35 of 1st period - Shot Blocked by Colton Parayko. 19:00 of 1st period - Icing by Colton Parayko. 19:01 of 1st period - Claude Giroux wins face-off versus Jack Hughes in NORTH DAKOTA HAWKS zone. 19:17 of 1st period - Icing by Ryan McDonagh. 19:18 of 1st period - Nazem Kadri wins face-off versus Claude Giroux in SASKATOON DUCKS zone. 19:23 of 1st period - Shot by Jason Robertson. 19:23 of 1st period - Shot Misses the Net. 19:25 of 1st period - Shot by Nazem Kadri. 19:25 of 1st period - Shot Misses the Net. 19:27 of 1st period - Shot by Nazem Kadri. 19:27 of 1st period - Deflect By Jason Robertson. 19:27 of 1st period - Stopped by Tristan Jarry without a rebound. 19:28 of 1st period - Pierre-Edouard Bellemare wins face-off versus Jason Robertson in SASKATOON DUCKS zone. 19:28 of 1st period - Kailer Yamamoto is hit by Nazem Kadri and loses puck. 19:34 of 1st period - Minor Penalty to Nazem Kadri for Slashing. 19:35 of 1st period - Sidney Crosby wins face-off versus Nick Suzuki in NORTH DAKOTA HAWKS zone. 19:36 of 1st period - Shot by Jake Guentzel. 19:36 of 1st period - Stopped by Linus Ullmark without a rebound. 19:37 of 1st period - Sidney Crosby wins face-off versus Nick Suzuki in NORTH DAKOTA HAWKS zone. Goals for this period are 0 for SASKATOON DUCKS vs 0 for NORTH DAKOTA HAWKS. Shots for this period are 14 for SASKATOON DUCKS vs 10 for NORTH DAKOTA HAWKS. 2nd period 0:01 of 2nd period - Sidney Crosby wins face-off versus Nick Suzuki in neutral zone. 0:04 of 2nd period - Erik Johnson is hit by Sidney Crosby and loses puck. 0:13 of 2nd period - Shot by Roman Josi. 0:13 of 2nd period - Shot Blocked by Ryan Lindgren. 0:15 of 2nd period - Shot by Anthony Duclair. 0:15 of 2nd period - Deflect By Sidney Crosby. 0:15 of 2nd period - Stopped by Linus Ullmark without a rebound. 0:16 of 2nd period - Nick Suzuki wins face-off versus Claude Giroux in NORTH DAKOTA HAWKS zone. 1:04 of 2nd period - Shot by Artemi Panarin. 1:04 of 2nd period - Goal by Artemi Panarin - SASKATOON DUCKS : 1 - NORTH DAKOTA HAWKS : 0. 1:05 of 2nd period - Sidney Crosby wins face-off versus Nazem Kadri in neutral zone. 1:16 of 2nd period - Shot by Sidney Crosby. 1:16 of 2nd period - Shot Misses the Net. 1:39 of 2nd period - Patrick Kane is hit by Ian Cole and loses puck. 1:50 of 2nd period - Shot by Jason Robertson. 1:50 of 2nd period - Goal by Jason Robertson - SASKATOON DUCKS : 1 - NORTH DAKOTA HAWKS : 1. 1:51 of 2nd period - Nic Dowd wins face-off versus Pierre-Edouard Bellemare in neutral zone. 2:18 of 2nd period - Shot by Mathieu Joseph. 2:18 of 2nd period - Shot Misses the Net. 2:20 of 2nd period - Shot by Pierre-Edouard Bellemare. 2:20 of 2nd period - Stopped by Linus Ullmark without a rebound. 2:21 of 2nd period - Claude Giroux wins face-off versus Nick Suzuki in NORTH DAKOTA HAWKS zone. 2:27 of 2nd period - Jake Sanderson is hit by Erik Johnson and loses puck. 2:44 of 2nd period - Shot by Reyley Smith. 2:44 of 2nd period - Stopped by Tristan Jarry without a rebound. 2:45 of 2nd period - Sidney Crosby wins face-off versus Nazem Kadri in SASKATOON DUCKS zone. 3:26 of 2nd period - Minor Penalty to Nazem Kadri for Holding. 3:27 of 2nd period - Claude Giroux wins face-off versus Reyley Smith in NORTH DAKOTA HAWKS zone. 3:28 of 2nd period - Shot by Bryan Rust. 3:28 of 2nd period - Deflect By Artemi Panarin. 3:28 of 2nd period - Shot Misses the Net. 3:32 of 2nd period - Shot by Roman Josi. 3:32 of 2nd period - Stopped by Linus Ullmark without a rebound. 3:33 of 2nd period - Nick Suzuki wins face-off versus Claude Giroux in NORTH DAKOTA HAWKS zone. 3:46 of 2nd period - Shot by Reyley Smith. 3:46 of 2nd period - Shot Misses the Net. 5:32 of 2nd period - Shot by Mathieu Joseph. 5:32 of 2nd period - Stopped by Linus Ullmark with a rebound. 5:46 of 2nd period - Shot by Pierre-Edouard Bellemare. 5:46 of 2nd period - Stopped by Linus Ullmark with a rebound. 5:52 of 2nd period - Shot by Kailer Yamamoto. 5:52 of 2nd period - Stopped by Linus Ullmark without a rebound. 5:53 of 2nd period - Jordan Kyrou wins face-off versus Ryan Strome in NORTH DAKOTA HAWKS zone. 6:06 of 2nd period - Jordan Kyrou is hit by Ivan Barbashev and loses puck. 6:25 of 2nd period - Marc Staal is hit by Ivan Barbashev and loses puck. 6:32 of 2nd period - Shot by Ryan Strome. 6:32 of 2nd period - Stopped by Linus Ullmark without a rebound. 6:33 of 2nd period - Claude Giroux wins face-off versus Nick Suzuki in NORTH DAKOTA HAWKS zone. 6:43 of 2nd period - Icing by Ian Cole. 6:44 of 2nd period - Nazem Kadri wins face-off versus Artemi Panarin in SASKATOON DUCKS zone. 7:17 of 2nd period - Shot by Artemi Panarin. 7:17 of 2nd period - Shot Misses the Net. 7:19 of 2nd period - Shot by Samuel Girard. 7:19 of 2nd period - Shot Misses the Net. 7:21 of 2nd period - Shot by Ian Cole. 7:21 of 2nd period - Shot Misses the Net. 7:23 of 2nd period - Shot by Ian Cole. 7:23 of 2nd period - Shot Misses the Net. 7:25 of 2nd period - Shot by Bryan Rust. 7:25 of 2nd period - Shot Misses the Net. 7:27 of 2nd period - Shot by Claude Giroux. 7:27 of 2nd period - Deflect By Bryan Rust. 7:27 of 2nd period - Shot Misses the Net. 7:59 of 2nd period - Shot by Anthony Duclair. 7:59 of 2nd period - Stopped by Linus Ullmark without a rebound. 8:00 of 2nd period - Nick Suzuki wins face-off versus Pierre-Edouard Bellemare in NORTH DAKOTA HAWKS zone. 8:09 of 2nd period - Kailer Yamamoto is hit by Jake DeBrusk and loses puck. 8:11 of 2nd period - Minor Penalty to Reyley Smith for High sticking. 8:11 of 2nd period - Minor Penalty to Ryan McDonagh for Roughing. 8:12 of 2nd period - Sidney Crosby wins face-off versus Nick Suzuki in SASKATOON DUCKS zone. 8:12 of 2nd period - Sidney Crosby is hit by Nick Suzuki. 8:24 of 2nd period - Shot by Jake Guentzel. 8:24 of 2nd period - Stopped by Linus Ullmark without a rebound. 8:25 of 2nd period - Sidney Crosby wins face-off versus Nazem Kadri in NORTH DAKOTA HAWKS zone. 8:33 of 2nd period - Shot by Sidney Crosby. 8:33 of 2nd period - Stopped by Linus Ullmark without a rebound. 8:34 of 2nd period - Nick Suzuki wins face-off versus Sidney Crosby in NORTH DAKOTA HAWKS zone. 9:41 of 2nd period - Shot by Claude Giroux. 9:41 of 2nd period - Goal by Claude Giroux - SASKATOON DUCKS : 2 - NORTH DAKOTA HAWKS : 1. 9:42 of 2nd